 Dungeon Sprint DCSS version 0.17-a0-1674-g2b13139 (webtiles) character file.

2366 Kidiri the Covert (level 9, -2/39 HPs)
             Began as a Spriggan Enchanter on Aug 18, 2015.
             Was an Elder of Dithmenos.
             Slain by a trapdoor spider (3 damage)
             ... in the Dungeon (Sprint III: "The Ten Rune Challenge").
             The game lasted 00:06:59 (1362 turns).

Kidiri the Covert (Spriggan Enchanter)              Turns: 1362, Time: 00:07:00

Health: -2/39      AC:  3    Str:  4    XL:     9   Next: 21%
Magic:  19/22      EV: 28    Int: 17    God:    Dithmenos [****..]
Gold:   30         SH:  0    Dex: 17    Spells: 8 memorised, 4 levels left

rFire  . . .     SeeInvis +     a - +3 dagger
rCold  . . .     Clarity  +     b - +1 robe
rNeg   . . .     SustAt   .     (shield restricted)
rPois  .         Gourm    .     (helmet restricted)
rElec  .         Spirit   .     (no cloak)
rCorr  .         Warding  .     (gloves unavailable)
rMut   .         NoTele   +     (boots unavailable)
MR     +....                    (no amulet)
Stlth  +++++++++.               (no ring)
                                (no ring)

@: lethally poisoned (-2 -> -18), very slightly contaminated, wreathed by umbra,
very quick, somewhat resistant to hostile enchantments, incredibly stealthy
A: unfitting armour, see invisible, clarity, dopey 1, herbivore 3, speed 3, low
mp 1, slow metabolism 2
a: Shadow Step, Renounce Religion


You were in the Dungeon.
You worshipped Dithmenos.
Dithmenos was greatly pleased with you.
You were not hungry.

You visited 1 branch You collected 30 gold pieces.

Inventory:

Hand weapons
 a - a +3 dagger (weapon)
Armour
 b - a +1 robe (worn)
Magical devices
 m - a wand of polymorph (18)
Scrolls
 j - a scroll of blinking
Potions
 e - a potion of curing
 f - a potion of heal wounds
 g - 3 potions of haste
 h - a potion of magic
 i - 2 potions of berserk rage
 k - a potion of might
 p - a potion of brilliance
Books
 l - a book of Ice

   Spells                             Type                      Level
   a - Ice Form                       Ice/Transmutation            4
   b - Metabolic Englaciation         Hexes/Ice                    5
   c - Ozocubu's Refrigeration        Ice                          6
   d - Bolt of Cold                   Conjuration/Ice              6
   e - Freezing Cloud                 Conjuration/Ice/Air          6
   f - Simulacrum                     Ice/Necromancy               6
Comestibles
 c - a royal jelly
 d - a bread ration
 o - 9 fruits


   Skills:
 + Level 6.9 Short Blades
 * Level 12.5 Dodging
 * Level 13.7 Stealth
 * Level 11.1 Spellcasting
 + Level 4.0 Conjurations
 + Level 8.4 Hexes
 + Level 5.1 Transmutations
 + Level 5.0 Ice Magic
 + Level 2.7 Air Magic
 + Level 3.9 Poison Magic
 + Level 4.3 Invocations


You had 4 spell levels left.
You knew the following spells:

 Your Spells              Type           Power        Failure   Level  Hunger
a - Corona                Hex            #####..      1%          1    None
b - Ensorcelled Hibernat  Hex/Ice        ####..       1%          2    None
c - Confuse               Hex            #####...     1%          3    None
d - Tukima's Dance        Hex            #####...     1%          3    None
e - Dazzling Spray        Conj/Hex       ####....     1%          3    None
f - Alistair's Intoxicat  Trmt/Pois      ###.....     14%         4    ###....
g - Olgreb's Toxic Radia  Pois           ###.....     17%         4    ###....
h - Poisonous Cloud       Conj/Pois/Air  ###.......   100%        6    ######.


Dungeon Overview and Level Annotations

Branches:
Dungeon (1/1)

Altars:
Cheibriados
Dithmenos
Elyvilon
Fedhas
Gozag
Kikubaaqudgha
Makhleb
Nemelex Xobeh
Okawaru
Qazlal
Ru
Sif Muna
Trog
Vehumet
Xom
Yredelemnul
Zin
The Shining One
Jiyva
Lugonu


Innate Abilities, Weirdness & Mutations

You are tiny and cannot use many weapons and most armour.
You have supernaturally acute eyesight.
You are a herbivore.
You cover ground extremely quickly.
You need consume almost no food.
You possess an exceptional clarity of mind.
You are dopey. (Int -2)
Your magical capacity is low (-10% MP).


Message History

The trapdoor spider completely misses you.
The trapdoor spider barely misses you.
Drink which item? (? for menu, Esc to quit)
Magic courses through your body.
The redback is no longer blind.
The trapdoor spider completely misses you.
Casting: Dazzling Spray
Confirm with . or Enter, or press ? or * to list all spells.
Aiming: Dazzling Spray
Press: ? - help, Shift-Dir - straight line, f/p - trapdoor spider
Aim: a trapdoor spider (severely wounded, clinging, umbra)
You miscast Dazzling Spray.
You are very lightly contaminated with residual magic.
Nothing appears to happen.
The trapdoor spider bites you!!
Ouch! That really hurt!
* * * LOW HITPOINT WARNING * * *
You emit a cloud of dark smoke.
You are lethally poisoned!
The trapdoor spider poisons you! The redback barely misses you.
The trapdoor spider bites you.
You die...

.#+#####################
.#....#)#)#)....#......+
.##.#.)#.##.###.#......#
.'##.#.#.##.#.)##..(...#
.#...#..#..##..+.......#
▓▓▓▓▓▓▓▓▓▓▓▓▓▓▓#.......#
#.§§....# +§s§...(#
#@s.....# ##+######


You could see a trapdoor spider and a redback.

Vanquished Creatures
  Erolcha (D)
  A deep elf priest (D)
  A trapdoor spider (D)
  A shadow (D)
  2 hill giants (D)
  A spatial vortex (D)
  A necrophage (D)
  3 two-headed ogres (D)
  A water elemental (D)
  A scorpion (D)
  A jelly (D)
  A necromancer (D)
  A wizard (D)
  3 humans (D)
  A kobold demonologist (D)
  2 oozes (D)
  2 rats (D)
24 creatures vanquished.

Vanquished Creatures (others)
  2 draconian scorchers (D)
  2 yaktaurs (D)
  3 plants (D)
7 creatures vanquished.

Grand Total: 31 creatures vanquished

Notes
Turn   | Place    | Note
--------------------------------------------------------------
     0 | D        | Kidiri the Spriggan Enchanter began the quest for the Orb.
     0 | D        | Reached XP level 1. HP: 9/9 MP: 5/5
     7 | D        | Reached skill level 5 in Stealth
     7 | D        | Reached XP level 2. HP: 13/13 MP: 5/7
    11 | D        | Learned a level 2 spell: Ensorcelled Hibernation
    35 | D        | Killed a yaktaur
   146 | D        | Killed a white draconian scorcher
   158 | D        | Reached skill level 6 in Stealth
   158 | D        | Reached skill level 1 in Ice Magic
   158 | D        | Reached XP level 3. HP: 16/16 MP: 3/9
   163 | D        | Learned a level 3 spell: Confuse
   167 | D        | Learned a level 3 spell: Tukima's Dance
   246 | D        | Killed a white draconian scorcher
   261 | D        | Noticed a scorpion
   268 | D        | Killed a scorpion
   268 | D        | Reached skill level 7 in Stealth
   268 | D        | Reached skill level 5 in Spellcasting
   268 | D        | Reached skill level 5 in Hexes
   268 | D        | Reached XP level 4. HP: 21/21 MP: 9/12
   273 | D        | Learned a level 3 spell: Dazzling Spray
   290 | D        | Gained mutation: Your spells are a little easier to cast, but a little less powerful. [potion of mutation]
   290 | D        | Gained mutation: You are frail (-10% HP). [potion of mutation]
   290 | D        | Gained mutation: You are somewhat resistant to further mutation. [potion of mutation]
   291 | D        | Lost mutation: You are frail (-10% HP). [potion of cure mutation]
   291 | D        | Lost mutation: Your spells are a little easier to cast, but a little less powerful. [potion of cure mutation]
   291 | D        | Lost mutation: You are somewhat resistant to further mutation. [potion of cure mutation]
   292 | D        | Gained mutation: You are dopey. (Int -2) [potion of mutation]
   292 | D        | Gained mutation: Your magical capacity is low (-10% MP). [potion of mutation]
   292 | D        | Gained mutation: You possess an exceptional clarity of mind. [potion of mutation]
   458 | D        | Noticed a water elemental
   460 | D        | Killed a water elemental
   460 | D        | Reached skill level 8 in Stealth
   460 | D        | Reached skill level 1 in Conjurations
   460 | D        | Reached XP level 5. HP: 24/24 MP: 11/13
   470 | D        | Noticed a jelly
   471 | D        | Noticed a shadow
   473 | D        | Killed a shadow
   473 | D        | Reached skill level 9 in Stealth
   473 | D        | Reached XP level 6. HP: 28/28 MP: 13/16
   477 | D        | Killed a jelly
   477 | D        | Reached skill level 10 in Stealth
   482 | D        | Found a stormy altar of Qazlal.
   483 | D        | Found a sacrificial altar of Ru.
   483 | D        | Found a burning altar of Makhleb.
   483 | D        | Found a viscous altar of Jiyva.
   483 | D        | Found a shimmering altar of Xom.
   483 | D        | Found a shadowy altar of Dithmenos.
   483 | D        | Found a sparkling altar of Nemelex Xobeh.
   483 | D        | Found a corrupted altar of Lugonu.
   483 | D        | Found an opulent altar of Gozag.
   483 | D        | Noticed a spatial vortex
   487 | D        | Became a worshipper of Dithmenos the Shadowed
   705 | D        | Killed a spatial vortex
   705 | D        | Reached skill level 5 in Short Blades
   705 | D        | Reached skill level 1 in Invocations
   803 | D        | Found a radiant altar of Vehumet.
   804 | D        | Found a deep blue altar of Sif Muna.
   804 | D        | Found an ancient bone altar of Kikubaaqudgha.
   804 | D        | Noticed a wizard
   805 | D        | Killed a wizard
   832 | D        | Learned a level 4 spell: Alistair's Intoxication
   837 | D        | Learned a level 4 spell: Olgreb's Toxic Radiance
   840 | D        | Killed a yaktaur
   842 | D        | Found a glowing silver altar of Zin.
   843 | D        | Found a glowing golden altar of the Shining One.
   843 | D        | Found a white marble altar of Elyvilon.
   843 | D        | Noticed a deep elf priest
   845 | D        | Killed a deep elf priest
   845 | D        | Reached skill level 10 in Dodging
   845 | D        | Reached skill level 11 in Stealth
   845 | D        | Reached skill level 1 in Poison Magic
   845 | D        | Reached XP level 7. HP: 32/32 MP: 16/18
   862 | D        | Found an iron altar of Okawaru.
   863 | D        | Found a bloodstained altar of Trog.
   863 | D        | Noticed a human
   863 | D        | Noticed a human
   865 | D        | Killed a human
   866 | D        | Killed a human
   866 | D        | Reached skill level 12 in Stealth
   938 | D        | Found a basalt altar of Yredelemnul.
   938 | D        | Found a snail-covered altar of Cheibriados.
   938 | D        | Found a blossoming altar of Fedhas.
   938 | D        | Noticed a necrophage
   938 | D        | Noticed a necromancer
   940 | D        | Killed a necrophage
   940 | D        | Acquired Dithmenos's first power
   940 | D        | Reached XP level 8. HP: 36/36 MP: 20/20
   946 | D        | Killed a necromancer
   946 | D        | Reached skill level 10 in Spellcasting
   958 | D        | Learned a level 6 spell: Poisonous Cloud
  1143 | D        | Noticed a two-headed ogre
  1143 | D        | Noticed a two-headed ogre
  1147 | D        | Killed a two-headed ogre
  1149 | D        | Killed a two-headed ogre
  1153 | D        | Noticed a two-headed ogre
  1158 | D        | Killed a two-headed ogre
  1158 | D        | Acquired Dithmenos's second power
  1259 | D        | Noticed a hill giant
  1262 | D        | Killed a hill giant
  1262 | D        | Reached skill level 1 in Air Magic
  1268 | D        | Noticed Erolcha
  1269 | D        | Noticed a hill giant
  1276 | D        | Killed a hill giant
  1281 | D        | Killed Erolcha
  1281 | D        | Acquired Dithmenos's third power
  1281 | D        | Reached skill level 13 in Stealth
  1281 | D        | Reached skill level 5 in Ice Magic
  1281 | D        | Reached XP level 9. HP: 39/39 MP: 12/22
  1336 | D        | Noticed a redback
  1341 | D        | Noticed a trapdoor spider
  1342 | D        | Noticed a trapdoor spider
  1351 | D        | Killed a trapdoor spider
  1351 | D        | Reached skill level 5 in Transmutations
  1362 | D        | HP: 1/39 [trapdoor spider (20)]
  1362 | D        | Slain by a trapdoor spider

Vault maps used:
D:        dungeon_sprint_mu

Action                   |  1- 3 |  4- 6 |  7- 9 || total
-------------------------+-------+-------+-------++-------
Melee: Dagger            |    11 |    12 |    21 ||    44
 Cast: Corona            |     2 |       |       ||     2
       Ensorcelled Hiber |     1 |       |    11 ||    12
       Dazzling Spray    |       |     5 |     9 ||    14
  Use: Scroll            |       |     8 |       ||     8
       Potion            |       |     3 |     3 ||     6
 Stab: Sleeping          |     5 |     6 |     9 ||    20
       Invisible         |       |       |     2 ||     2
